 Dungeon Crawl Stone Soup version 0.31-a0-574-g69dc8cc98e (webtiles) character file.

Game seed: 10445306079812321124

288721 bahustanut the Warrior (level 19, 0/141 HPs)
             Began as a Demonspawn Shapeshifter on Aug 19, 2023.
             Was a High Priest of Okawaru.
             Slain by the Royal Jelly (19 damage)
             ... on level 5 of the Pits of Slime.
             The game lasted 01:41:59 (27105 turns).

bahustanut the Warrior (Demonspawn Shapeshifter)   Turns: 27105, Time: 01:42:01

Health: 0/141      AC: 29    Str: 40    XL:     19   Next: 89%
Magic:  13/19      EV: 21    Int:  9    God:    Okawaru [*****.]
Gold:   4493       SH: 27    Dex: 13    Spells: 18/18 levels left

rFire   . . .        q - +11 whip "Baoh" {spect, Str+3 Int+3}
rCold   x . .        R - +5 kite shield
rNeg    . . .        m - +15 Maxwell's patent armour {-Cast -Tele rElec Will+ rCorr}
rPois   +            X - +2 helmet of Resilience {rF+ Str+3 Slay+5}
rElec   +            (cloak unavailable)
rCorr   +            z - +0 pair of gloves
SInv    .            y - +2 pair of boots {Fly}
Will    +++..        D - amulet of Greed {Faith rPois Str+4} Stlth
                     K - +5 ring of evasion
HPRegen 1.43/turn    v - +6 ring of strength
MPRegen 0.16/turn

%: no teleportation, no spellcasting, random rage (3%), faith
@: heroic, finesse-ful, corroded, flying, unable to read, unable to drink
A: large bone plates 3, foul stench 2, powered by death 2, demonic willpower,
weakness stinger 3, claws 1, berserk 1, deterioration 1, dopey 2, frail 1, low
MP 3, (teleportitis 1), cold vulnerability 1, heat vulnerability 1, subdued
magic 2, inability to drink after injury 2, inability to read after injury 2
}: 2/15 runes: serpentine, barnacled
a: Renounce Religion, Heroism, Finesse, Duel


You were on level 5 of the Pits of Slime.
You worshipped Okawaru.
Okawaru was extremely pleased with you.
You visited 7 branches of the dungeon, and saw 36 of its levels.
You also visited: Gauntlet.

You collected 5109 gold pieces.
You spent 616 gold pieces at shops.

Inventory:

Hand Weapons
 q - the +11 whip "Baoh" (weapon) {spect, Str+3 Int+3}
   (You found it on level 6 of the Dungeon)

   Str+3:     It affects your strength (+3).
   Int+3:     It affects your intelligence (+3).
Missiles
 b - 6 throwing nets
 u - 4 javelins (quivered)
Armour
 e - a +2 tower shield of protection
 m - the +15 Maxwell's patent armour (worn) {-Cast -Tele rElec Will+ rCorr}
   (You acquired it on level 5 of the Dungeon)

   rElec:     It insulates you from electricity.
   Will+:     It increases your willpower.
   -Cast:     It prevents spellcasting.
   -Tele:     It prevents most forms of teleportation.
   rCorr:     It protects you from acid and corrosion.
 y - a +2 pair of boots of flying (worn)
 z - a +0 pair of gloves (worn)
 R - a +5 kite shield (worn)
 U - a +2 helmet of see invisible
 X - the +2 helmet of Resilience (worn) {rF+ Str+3 Slay+5}
   (Okawaru gifted it to you on level 4 of the Lair of Beasts)

   Str+3:     It affects your strength (+3).
   Slay+5:    It affects your accuracy & damage with ranged weapons and melee
   (+5).
   rF+:       It protects you from fire.
Jewellery
 f - the amulet of Recklessness {RegenMP Regen+}
   (You found it in a Gauntlet)

   [amulet of magic regeneration]

   RegenMP:   It increases your rate of magic regeneration.
   Regen+:    It increases your rate of health regeneration.
 v - a +6 ring of strength (right hand)
 x - an amulet of regeneration
 B - a +4 ring of protection
 D - the amulet of Greed (around neck) {Faith rPois Str+4}
   (You took it off an orc priest on level 9 of the Dungeon)

   [amulet of faith]

   Faith:     It allows you to gain divine favour quickly.
   Str+4:     It affects your strength (+4).
   rPois:     It protects you from poison
 F - a ring of poison resistance
 J - a ring of fire
 K - a +5 ring of evasion (left hand)
 M - a ring of protection from cold
 Q - the ring "Wukhlen" {+Blink rF+}
   (You found it on level 14 of the Dungeon)

   [ring of protection from fire]

   rF+:       It protects you from fire.
   +Blink:    It lets you blink.
Talismans
 a - a blade talisman
 c - a beast talisman
 d - a flux talisman
 T - a serpent talisman
Wands
 g - a wand of light (25)
 p - a wand of flame (65)
 Z - a wand of digging (7)
Scrolls
 j - 6 scrolls of butterflies
 n - 12 scrolls of teleportation
 t - 3 scrolls of revelation
 A - a scroll of fog
 H - 10 scrolls of identify
 I - a scroll of blinking
 O - a scroll of immolation
 P - 5 scrolls of enchant weapon
 S - 2 scrolls of poison
 W - a scroll of silence
Potions
 h - 4 potions of enlightenment
 i - a potion of berserk rage
 k - 4 potions of curing
 l - 7 potions of brilliance
 o - a potion of ambrosia
 r - 4 potions of resistance
 s - 6 potions of haste
 w - 3 potions of magic
 C - 2 potions of cancellation
 E - 2 potions of lignification
 L - 2 potions of invisibility
 N - a potion of might
 V - a potion of mutation
Miscellaneous
 Y - a phantom mirror


   Skills:
 + Level 15.8(20.8) Fighting
 - Level 12.0(17.0) Maces & Flails
 + Level 11.7(16.7) Armour
 + Level 11.7(16.7) Dodging
 + Level 11.7(16.7) Shields
 + Level 13.8(18.8) Unarmed Combat
 - Level 12.0 Invocations
 + Level 14.4 Shapeshifting


You had 18 spell levels left.
You didn't know any spells.
Your spell library contained the following spells:

 Spells                   Type           Power      Damage    Failure   Level
 Apportation              Tloc           0%         N/A       80%         1
 Magic Dart               Conj           0%         1d3       80%         1
 Necrotise                Necr           0%         1d4       80%         1
 Sting                    Tmut/Pois      0%         1d3       80%         1
 Blink                    Tloc           0%         N/A       91%         2
 Ensorcelled Hibernation  Hex/Ice        0%         N/A       91%         2
 Lesser Beckoning         Tloc           0%         N/A       91%         2
 Momentum Strike          Conj/Tloc      0%         3d8       91%         2
 Passwall                 Tmut/Erth      0%         N/A       91%         2
 Poisonous Vapours        Pois/Air       0%         N/A       91%         2
 Sublimation of Blood     Necr           0%         N/A       91%         2
 Wereblood                Tmut           0%         N/A       91%         2
 Gell's Gravitas          Tloc           0%         N/A       99%         3
 Inner Flame              Hex/Fire       0%         N/A       99%         3
 Mephitic Cloud           Conj/Pois/Air  0%         N/A       99%         3
 Stone Arrow              Conj/Erth      0%         3d7       99%         3
 Swiftness                Air            0%         N/A       99%         3
 Teleport Other           Tloc           0%         N/A       99%         3
 Olgreb's Toxic Radiance  Pois           0%         N/A       100%        4
 Alistair's Intoxication  Tmut/Pois      0%         N/A       100%        5
 Freezing Cloud           Conj/Ice/Air   0%         6-21      100%        5
 Irradiate                Conj/Tmut      0%         3d11      100%        5
 Yara's Violent Unravell  Hex/Tmut       0%         3d3       100%        5
 Dispersal                Tloc           0%         N/A       100%        6
 Enfeeble                 Hex            0%         N/A       100%        7
 Lehudib's Crystal Spear  Conj/Erth      0%         10d2      100%        8
 Summon Small Mammal      Summ           Unusable   N/A       N/A         1
 Call Imp                 Summ           Unusable   N/A       N/A         2
 Animate Armour           Summ/Erth      Unusable   N/A       N/A         4
 Summon Hydra             Summ           Unusable   N/A       N/A         7

Dungeon Overview and Level Annotations

Branches:
Dungeon (15/15)            Temple (1/1) D:5            Lair (5/5) D:10
 Shoals (4/4) Lair:3        Snake (4/4) Lair:2        Slime (5/5) Lair:5
    Orc (2/2) D:9             Elf (0/3) Orc:2        Vaults (0/5) D:14
 Depths (0/4) D:15        Gauntlet (visited)

Altars:
Ashenzari
Cheibriados
Dithmenos
Fedhas
Gozag
Hepliaklqana
Kikubaaqudgha
Makhleb
Nemelex Xobeh
Okawaru
Qazlal
Ru
Sif Muna
Trog
Uskayaw
Vehumet
Wu Jian
Xom
Yredelemnul
Jiyva

Shops:
D:4 =[**   D:8 =   D:10 =   Orc:2 **[=   Shoals:1 [[   Snake:2 (   Snake:3 :(
Snake:4 :?

Portals:
Abyss: Snake:1
Pandemonium: Orc:2

Annotations:
D:6 3 runed translucent doors, Age's ghost, novice MiFi
D:11 2 transporters, Hyvaxt's ghost, journeyman HOFi
Snake:1 2 transporters, Epnykkedd's ghost, adept OpVM
Slime:5 Royal Jelly


Innate Abilities, Weirdness & Mutations

You are completely covered in large bone plates. (SH +8)
You sometimes emit foul miasma when damaged in melee.
You regenerate health from kills.
You punish those that try to bend your will. (Will+)
You have a sharp stinger which inflicts weakening toxins.
You have sharp fingernails.
You sometimes lose your temper in combat.
Your body sometimes deteriorates upon taking damage.
You are very dopey. (Int -4)
You are frail. (-10% HP)
Your magical capacity is extremely low. (-30% MP)
((You are occasionally teleported next to monsters.))
You are vulnerable to cold. (rC-)
You are vulnerable to heat. (rF-)
Your spells are easier to cast, but less powerful.
You sometimes lose the ability to drink potions when taking damage.
You sometimes lose the ability to read scrolls when taking damage.


Message History

The great orb of eyes is heavily wounded.
Your +11 whip "Baoh" {spect, Str+3 Int+3} hits the great orb of eyes!!
Unknown command.
You whack the great orb of eyes!
The great orb of eyes is almost dead.
Your +11 whip "Baoh" {spect, Str+3 Int+3} hits the great orb of eyes!
You kill the great orb of eyes!
Okawaru accepts your kill. The Royal Jelly hits you!!
You feel threatened and lose the ability to read scrolls!
You feel threatened and lose the ability to drink potions!
* * * LOW HITPOINT WARNING * * *
You are splashed with acid.
You resist.
* * * LOW HITPOINT WARNING * * *
You emit a cloud of foul miasma!
The Royal Jelly hits you but does no damage.
The azure jelly hits you but does no damage.
You block the azure jelly's attack. x2
The azure jelly hits you but does no damage.
You hit the quicksilver ooze.
The quicksilver ooze is lightly wounded.
Your +11 whip "Baoh" {spect, Str+3 Int+3} hits the quicksilver ooze!
You block the quicksilver ooze's attack. x2
Unknown command.
You closely miss the quicksilver ooze.
The quicksilver ooze is heavily wounded.
Your +11 whip "Baoh" {spect, Str+3 Int+3} barely misses the quicksilver ooze.
The azure jelly barely misses you. You block the azure jelly's attack.
The azure jelly closely misses you. The azure jelly hits you.
* * * LOW HITPOINT WARNING * * *
Unknown command.
You cannot drink potions in your current state!
You cannot read scrolls in your current state!
You closely miss the quicksilver ooze.
The quicksilver ooze is heavily wounded.
Your +11 whip "Baoh" {spect, Str+3 Int+3} hits the quicksilver ooze.
The Royal Jelly is engulfed in dark miasma.
The Royal Jelly looks even sicker.
The Royal Jelly seems to slow down.
You block the Royal Jelly's attack. The Royal Jelly hits you!!
You die...

..........
.........
........
#...... #
###..G..###...
#.#.#.....#...
#....JJ......#
##...JJJ(....#
#...JJ@......#
#....J.......#
#....J.......#
#
##..........##
##
#.........##
.#
##.........#
.####
##.....#.##
....##.#
##.......###
.......#
##..........#


You could see the Royal Jelly (very poisoned, slow), an acid blob, 3 azure
jellies, a great orb of eyes, 2 rockslimes, 2 quicksilver oozes and a friendly
+11 whip "Baoh" {spect, Str+3 Int+3}.

Vanquished Creatures
  Dissolution (Slime:5)
  A sphinx (D:14)
  17 acid blobs
  Polyphemus (Shoals:3)
  A tengu reaver (D:14)
  A kraken (Shoals:3)
  7 nagarajas (Snake:4)
  5 azure jellies
  4 rockslimes
  Louise (Shoals:3)
  An angel (Shoals:4)
  8 quicksilver oozes
  A formless jellyfish (Slime:5)
  Azrael (Orc:2)
  Nessos (D:13)
  A minotaur (Gauntlet)
  3 merfolk javelineers
  10 merfolk impalers
  An ettin (Orc:2)
  11 great orbs of eyes
  3 vault guards (D:14)
  9 hydras
  2 salamander tyrants (Snake:3)
  4 ogre magi
  2 demonspawn (Orc:2)
  15 anacondas
  8 merfolk aquamancers
  3 catoblepae
  7 merfolk avatars
  An alligator snapping turtle (Shoals:4)
  An ice dragon (D:14)
  10 centaur warriors
  4 satyrs
  13 two-headed ogres
  A boulder beetle (D:14)
  3 tengu warriors
  22 death yaks
  A holy swine (Shoals:4)
  7 shock serpents
  A deep troll earth mage (D:15)
  7 orc high priests (Orc:2)
  Sonja (D:11)
  10 naga sharpshooters
  12 naga warriors
  A sun demon (Orc:2)
  5 skysharks
  A sixfirhy (Orc:2)
  A fire crab (shapeshifter) (D:15)
  A salamander mystic (Snake:3)
  3 cherubim (Shoals:4)
  Lodul (D:12)
  14 sea snakes
  A glowing orange brain (Slime:2)
  7 naga ritualists
  2 wizards
  28 harpies
  2 mana vipers
  12 cyclopes
  6 ugly things
  5 orc sorcerers (Orc:2)
  8 deep elf pyromancers
  6 orc knights
  21 fauns
  18 manticores
  12 salamanders
  12 elephants
  9 merfolk sirens
  A salamander (shapeshifter) (D:15)
  9 shining eyes
  7 guardian serpents
  44 black mambas
  Maurice (D:9)
  7 water nymphs
  11 naga magi
  19 cane toads
  6 eyes of devastation
  Joseph (D:7)
  2 gargoyles
  A rust devil (Orc:2)
  An orange demon (Orc:2)
  Jeremiah (D:7)
  2 efreet
  7 rime drakes
  5 tengu conjurers
  3 komodo dragons
  2 yaktaurs
  4 guardian mummies (D:15)
  A meliai (shapeshifter) (D:14)
  A queen bee (shapeshifter) (D:14)
  A hellwing (Orc:2)
  2 polar bears
  30 merfolk
  2 hornets
  2 polar bears (shapeshifter) (D:14)
  7 wind drakes
  Grinder (D:3)
  9 trolls
  A wind drake (shapeshifter) (D:13)
  23 blink frogs
  6 dream sheep
  71 slime creatures
  4 snapping turtles
  Sigmund (D:5)
  10 water elementals
  2 shadows
  2 wraiths
  43 yaks
  A vampire (D:13)
  4 wyverns
  3 basilisks
  A neqoxec (Orc:2)
  7 fire elementals
  6 steam dragons
  4 golden eyes
  A hog (shapeshifter) (D:14)
  2 vampire mosquitoes (D:9)
  Menkaure (D:7)
  A warg (Orc:2)
  23 nagas
  3 acid dragons
  21 water moccasins
  3 hell hounds
  3 floating eyes (Slime:2)
  28 orc warriors
  2 ice beasts (D:7)
  4 black bears
  4 wolves (Lair:2)
  6 centaurs
  15 ogres
  A kobold brigand (D:9)
  11 bullfrogs
  4 gnoll sergeants
  9 scorpions
  15 wights
  3 electric eels
  6 howler monkeys
  4 hounds (D:7)
  29 orc priests
  Crazy Yiuf (D:3)
  Terence (D:3)
  Jessica (D:3)
  2 iguanas (D:5)
  19 orc wizards
  2 sleepcaps
  4 mummies (D:15)
  A howler monkey skeleton (D:3)
  6 adders
  17 gnolls
  A shadow imp (D:7)
  A white imp (D:6)
  An ufetubus (D:5)
  2 adder zombies (D:3)
  An adder skeleton (D:3)
  5 dart slugs
  66 orcs
  6 ball pythons
  6 bats
  8 endoplasms
  3 giant cockroaches
  3 hobgoblins
  3 jackals (D:1)
  6 kobolds
  5 quokkas
  A ball python zombie (D:3)
  4 frilled lizards
  7 goblins
  A jackal skeleton (D:3)
  A quokka skeleton (D:3)
  8 rats
1171 creatures vanquished.

Vanquished Creatures (others)
  A naga warrior (Snake:4)
  2 orc wizards
  26 spectral weapons
  4 tentacles (Shoals:3)
33 creatures vanquished.

Grand Total: 1204 creatures vanquished

Notes
Turn   | Place    | Note
-------+----------+-------------------------------------------
     0 | D:1      | bahustanut the Demonspawn Shapeshifter began the quest for
                  | the Orb.
     0 | D:1      | Reached XP level 1. HP: 15/15 MP: 1/1
   314 | D:1      | Gained mutation: You are partially covered in large bone
                  | plates. (SH +4) [demonic ancestry]
   314 | D:1      | Reached XP level 2. HP: 21/21 MP: 2/2
   846 | D:2      | Found a faded altar of an unknown god.
   853 | D:2      | Identified the ring "Plog" {Wiz Stlth+}
   922 | D:2      | Gained mutation: You may rarely emit foul miasma when
                  | damaged in melee. [demonic ancestry]
   922 | D:2      | Reached XP level 3. HP: 26/26 MP: 3/3
  1299 | D:2      | Reached XP level 4. HP: 33/33 MP: 4/4
  1661 | D:3      | Noticed Jessica
  1670 | D:3      | Killed Jessica
  1671 | D:3      | Reached skill level 2 in Fighting
  1799 | D:3      | Noticed Terence
  1817 | D:3      | Killed Terence
  1818 | D:3      | Reached XP level 5. HP: 31/38 MP: 3/5
  2045 | D:3      | Noticed Grinder
  2047 | D:3      | Paralysed by Grinder for 2 turns
  2059 | D:3      | Paralysed by Grinder for 5 turns
  2081 | D:3      | Killed Grinder
  2082 | D:3      | Reached XP level 6. HP: 46/46 MP: 1/6
  2167 | D:3      | Found an iron altar of Okawaru.
  2229 | D:3      | Found a runed translucent door.
  2230 | D:3      | Noticed Crazy Yiuf
  2401 | D:3      | Reached skill level 3 in Fighting
  2590 | D:3      | Became a worshipper of Warmaster Okawaru
  2844 | D:3      | Killed Crazy Yiuf
  3042 | D:4      | Found Vinuq's Assorted Antiques.
  3053 | D:4      | Reached skill level 5 in Unarmed Combat
  3053 | D:4      | Gained mutation: You are mostly covered in large bone
                  | plates. (SH +6) [demonic ancestry]
  3053 | D:4      | Reached XP level 7. HP: 26/52 MP: 5/7
  3171 | D:4      | Found Refam's Armour Shop.
  3171 | D:4      | Found Nagrekh's General Store.
  3171 | D:4      | Found Baxidgh's Jewellery Shop.
  3511 | D:4      | Found a sacrificial altar of Ru.
  3848 | D:5      | Entered Level 5 of the Dungeon
  3978 | D:5      | Found an ancient bone altar of Kikubaaqudgha.
  4190 | D:5      | Found an ornate altar of the Wu Jian Council.
  4196 | D:5      | Reached * piety under Okawaru
  4287 | D:5      | Reached skill level 4 in Fighting
  4460 | D:5      | Noticed Sigmund
  4461 | D:5      | Found a staircase to the Ecumenical Temple.
  4476 | Temple   | Entered the Ecumenical Temple
  4674 | Temple   | Gained mutation: You have a small tail. [demonic ancestry]
  4674 | Temple   | Reached XP level 8. HP: 43/60 MP: 8/8
  4748 | D:5      | Killed Sigmund
  4852 | D:5      | Identified 2 scrolls of acquirement
  4852 | D:5      | Acquired 1054 gold pieces
  4853 | D:5      | Acquired the +15 Maxwell's patent armour {-Cast -Tele rElec
                  | Will+ rCorr}
  4853 | D:5      | Found the +15 Maxwell's patent armour {-Cast -Tele rElec
                  | Will+ rCorr}
  4885 | D:6      | Found an opulent altar of Gozag.
  4891 | D:6      | Found a radiant altar of Vehumet.
  4895 | D:6      | Identified the +11 whip "Baoh" {spect, Str+3 Int+3}
  4897 | D:6      | Found a stormy altar of Qazlal.
  4909 | D:6      | Reached ** piety under Okawaru
  4924 | D:6      | Found a hide-covered altar of Uskayaw.
  4981 | D:6      | Reached skill level 1 in Armour
  5024 | D:6      | Noticed an air elemental
  5069 | D:6      | Found a runed translucent gate.
  5069 | D:6      | Found a runed translucent gate.
  5070 | D:6      | Found a runed translucent gate.
  5075 | D:6      | Noticed Age's ghost (novice MiFi)
  5500 | D:7      | Reached skill level 5 in Fighting
  5536 | D:7      | Noticed Jeremiah
  5552 | D:7      | Killed Jeremiah
  5552 | D:7      | Reached *** piety under Okawaru
  5553 | D:7      | Reached skill level 5 in Dodging
  5553 | D:7      | Gained mutation: You have a tail ending in a sharp stinger.
                  | [demonic ancestry]
  5553 | D:7      | Reached XP level 9. HP: 66/68 MP: 9/9
  5619 | D:7      | Noticed Joseph
  5637 | D:7      | Killed Joseph
  5637 | D:7      | Received a gift from Okawaru
  5638 | D:7      | Reached skill level 5 in Shapeshifting
  5810 | D:7      | Noticed Menkaure
  5813 | D:7      | Killed Menkaure
  5967 | D:7      | Noticed a two-headed ogre
  5972 | D:7      | Killed a two-headed ogre
  5972 | D:7      | Reached **** piety under Okawaru
  5973 | D:7      | Reached skill level 6 in Fighting
  5973 | D:7      | Reached skill level 5 in Armour
  6256 | D:7      | Gained mutation: You regenerate a little health from kills.
                  | [demonic ancestry]
  6256 | D:7      | Reached XP level 10. HP: 67/76 MP: 7/10
  6284 | D:7      | Found a bloodstained altar of Trog.
  6360 | D:7      | Gained mutation: Your muscles are strong. (Str +4, Int/Dex
                  | -1) [potion of mutation]
  6360 | D:7      | Gained mutation: Your natural rate of healing is unusually
                  | fast. [potion of mutation]
  6360 | D:7      | Gained mutation: You are dopey. (Int -2) [potion of
                  | mutation]
  6360 | D:7      | Gained mutation: You have sharp fingernails. [potion of
                  | mutation]
  6689 | D:8      | Found a snail-covered altar of Cheibriados.
  6738 | D:8      | Paralysed by a hornet for 2 turns
  6907 | D:8      | Found Ulleovol's Jewellery Boutique.
  6917 | D:8      | Bought a +6 ring of strength for 504 gold pieces
  7310 | D:9      | Identified the amulet of Greed {Faith rPois Str+4}
  7332 | D:9      | Identified the +1 robe "Votulez" {-Tele +Inv rElec Dex+3}
  7349 | D:9      | Reached ***** piety under Okawaru
  7379 | D:9      | Reached skill level 7 in Fighting
  7400 | D:9      | Found a staircase to the Orcish Mines.
  7467 | D:9      | Noticed Maurice
  7532 | D:9      | Killed Maurice
  7798 | D:9      | Reached XP level 11. HP: 84/84 MP: 11/11
  7813 | D:9      | Received a gift from Okawaru
  8060 | D:10     | Entered Level 10 of the Dungeon
  8124 | D:10     | Noticed a deep elf pyromancer
  8130 | D:10     | Killed a deep elf pyromancer
  8275 | D:10     | Reached skill level 8 in Fighting
  8422 | D:10     | Reached ****** piety under Okawaru
  8483 | D:10     | Found Zokair's Jewellery Shop.
  8708 | D:10     | Found a shimmering blue altar of Sif Muna.
  8813 | D:10     | Found a staircase to the Lair.
  8916 | D:11     | Noticed a two-headed ogre
  8922 | D:11     | Killed a two-headed ogre
  8941 | D:11     | Found a transporter.
  8945 | D:11     | Noticed Hyvaxt's ghost (journeyman HOFi)
  8979 | D:11     | Noticed an eight-headed hydra
  8993 | D:11     | Found a transporter.
  9004 | D:11     | Noticed Sonja
  9010 | D:11     | Killed Sonja
  9028 | D:11     | Identified the scarf of Epryis {shadows, rElec} (Okawaru
                  | gifted it to you on level 11 of the Dungeon)
  9028 | D:11     | Received a gift from Okawaru
  9395 | Lair:1   | Entered Level 1 of the Lair of Beasts
  9474 | Lair:1   | Gained mutation: You have a sharp stinger which inflicts
                  | weakening toxins. [demonic ancestry]
  9474 | Lair:1   | Reached XP level 12. HP: 91/94 MP: 12/12
  9800 | Lair:1   | Reached skill level 9 in Fighting
 10179 | Lair:2   | Noticed a five-headed hydra
 10185 | Lair:2   | Killed a five-headed hydra
 10214 | Lair:2   | Noticed a six-headed hydra
 10225 | Lair:2   | Killed a six-headed hydra
 10226 | Lair:2   | Reached skill level 10 in Unarmed Combat
 10296 | Lair:2   | Noticed a death yak
 10296 | Lair:2   | Noticed a death yak
 10296 | Lair:2   | Noticed a death yak
 10317 | Lair:2   | Noticed a death yak
 10323 | Lair:2   | Killed a death yak
 10323 | Lair:2   | Identified the +5 scale mail "Wazinih" {Int+3} (Okawaru
                  | gifted it to you on level 2 of the Lair of Beasts)
 10323 | Lair:2   | Received a gift from Okawaru
 10333 | Lair:2   | Killed a death yak
 10347 | Lair:2   | Killed a death yak
 10355 | Lair:2   | Killed a death yak
 10722 | Lair:2   | Found a staircase to the Snake Pit.
 10894 | Lair:3   | Noticed a death yak
 10895 | Lair:3   | Noticed a death yak
 10905 | Lair:3   | Noticed a death yak
 10906 | Lair:3   | Noticed a death yak
 10908 | Lair:3   | Killed a death yak
 10908 | Lair:3   | Noticed a death yak
 10923 | Lair:3   | Killed a death yak
 10924 | Lair:3   | Reached skill level 10 in Fighting
 10931 | Lair:3   | Killed a death yak
 10942 | Lair:3   | Killed a death yak
 10946 | Lair:3   | Killed a death yak
 10947 | Lair:3   | Gained mutation: You punish those that try to bend your
                  | will. (Will+) [demonic ancestry]
 10947 | Lair:3   | Reached XP level 13. HP: 69/103 MP: 13/13
 11156 | Lair:3   | Found a staircase to the Shoals.
 11166 | Lair:3   | Reached skill level 1 in Maces & Flails
 11404 | Lair:3   | Received a gift from Okawaru
 11826 | Lair:4   | Identified the +2 helmet of Resilience {rF+ Str+3 Slay+5}
                  | (Okawaru gifted it to you on level 4 of the Lair of Beasts)
 11826 | Lair:4   | Received a gift from Okawaru
 11932 | Lair:4   | Reached skill level 5 in Maces & Flails
 12069 | Lair:4   | Reached skill level 10 in Dodging
 12114 | Lair:4   | Reached skill level 10 in Armour
 12625 | Lair:5   | Entered Level 5 of the Lair of Beasts
 12693 | Lair:5   | Received a gift from Okawaru
 12799 | Lair:5   | Reached skill level 10 in Maces & Flails
 12807 | Lair:5   | Gained mutation: You sometimes emit foul miasma when
                  | damaged in melee. [demonic ancestry]
 12807 | Lair:5   | Reached XP level 14. HP: 93/111 MP: 14/14
 12926 | Lair:5   | Found a runed translucent door.
 12926 | Lair:5   | Found a viscous altar of Jiyva.
 12933 | Lair:5   | Found a staircase to the Slime Pits.
 12933 | Lair:5   | Noticed an acid blob
 13163 | Lair:5   | Identified the +0 chain mail "Wetseck" {MP+9} (Okawaru
                  | gifted it to you on level 5 of the Lair of Beasts)
 13163 | Lair:5   | Received a gift from Okawaru
 13816 | Orc:1    | Entered Level 1 of the Orcish Mines
 13825 | Orc:1    | Reached skill level 10 in Shapeshifting
 13964 | Orc:2    | Entered Level 2 of the Orcish Mines
 14087 | Orc:2    | Noticed Azrael
 14114 | Orc:2    | Killed Azrael
 14211 | Orc:2    | Found a staircase to the Elven Halls.
 14380 | Orc:2    | Found Fuqetu's General Store.
 14383 | Orc:2    | Found Qysse's General Store.
 14423 | Orc:2    | Received a gift from Okawaru
 14729 | Orc:2    | Reached XP level 15. HP: 81/110 MP: 15/15
 14763 | Orc:2    | Found Xetio's Antique Armour Shop.
 14763 | Orc:2    | Found Ecwechamu's Jewellery Boutique.
 14764 | Orc:2    | Found a one-way gate leading to the halls of Pandemonium.
 15324 | D:12     | Noticed Lodul
 15346 | D:12     | Killed Lodul
 15751 | D:13     | Identified the +2 robe of Purpose {rPois Int-2 Dex+5}
                  | (Okawaru gifted it to you on level 13 of the Dungeon)
 15751 | D:13     | Received a gift from Okawaru
 15802 | D:13     | Reached skill level 1 in Invocations
 15874 | D:13     | Noticed Nessos
 15888 | D:13     | Killed Nessos
 16320 | D:14     | Reached skill level 5 in Invocations
 16345 | D:14     | Found a gate to the Vaults.
 16404 | D:14     | Found a gate leading to a gauntlet.
 16452 | Gauntlet | Entered a Gauntlet
 16452 | Gauntlet | Found a transporter.
 16452 | Gauntlet | Found a transporter.
 16465 | Gauntlet | Found a transporter.
 16470 | Gauntlet | Found a transporter.
 16473 | Gauntlet | Found a transporter.
 16476 | Gauntlet | Found a transporter.
 16482 | Gauntlet | Found a runed translucent gate.
 16482 | Gauntlet | Found a runed translucent gate.
 16482 | Gauntlet | Found a runed translucent gate.
 16484 | Gauntlet | Found a transporter.
 16502 | Gauntlet | Found a transporter.
 16507 | Gauntlet | Found a transporter.
 16510 | Gauntlet | Found a transporter.
 16521 | Gauntlet | Found a transporter.
 16523 | Gauntlet | Found a transporter.
 16764 | Gauntlet | Identified the +2 cloak "Vappif" {Will+ Stlth+}
 16781 | Gauntlet | Identified the amulet of Recklessness {RegenMP Regen+}
 16787 | Gauntlet | Identified the +5 flail of Lachrymose Fortitude {heavy, rC+
                  | Dex-2 SInv}
 16840 | D:14     | Found an ornate altar of the Wu Jian Council.
 16912 | D:14     | Reached skill level 10 in Invocations
 17207 | D:14     | Received a gift from Okawaru
 17242 | D:14     | Identified the +10 orcbow "Gowe Xof" {freeze, rF+ Int-2
                  | SInv}
 17265 | D:14     | Noticed a sphinx
 17276 | D:14     | Killed a sphinx
 17277 | D:14     | Reached skill level 1 in Shields
 17303 | D:14     | Identified the +3 battleaxe of the Middle {venom, rElec
                  | rPois Int+2 Dex+3}
 17306 | D:14     | Identified the ring "Wukhlen" {+Blink rF+}
 17347 | D:14     | Noticed a tengu reaver
 17364 | D:14     | Killed a tengu reaver
 17463 | D:14     | Reached XP level 16. HP: 124/124 MP: 24/24
 17606 | D:15     | Entered Level 15 of the Dungeon
 17620 | D:15     | Reached skill level 11 in Fighting
 17879 | D:15     | Found a staircase to the Depths.
 17995 | D:15     | Identified the +10 plate armour "Mamil" {Will+} (Okawaru
                  | gifted it to you on level 15 of the Dungeon)
 17995 | D:15     | Received a gift from Okawaru
 18143 | D:15     | Reached skill level 5 in Shields
 18381 | Shoals:1 | Entered Level 1 of the Shoals
 18552 | Shoals:1 | Identified the +4 short sword "Darit" {venom, Int+4}
 18699 | Shoals:1 | Reached skill level 12 in Fighting
 18756 | Shoals:1 | Found Indra's Dragon-Slaying Spoils.
 18852 | Shoals:1 | Found Ahoujiet's Armour Emporium.
 19531 | Shoals:2 | Identified the -2 pair of gloves of Calculation {Regen+}
                  | (Okawaru gifted it to you on level 2 of the Shoals)
 19531 | Shoals:2 | Received a gift from Okawaru
 19919 | Shoals:3 | Noticed Polyphemus
 19943 | Shoals:3 | Killed Polyphemus
 20002 | Shoals:3 | Identified the +1 leather armour "Tonazoy" {rElec Int+4
                  | Dex+4}
 20056 | Shoals:3 | Gained mutation: You are completely covered in large bone
                  | plates. (SH +8) [demonic ancestry]
 20056 | Shoals:3 | Reached XP level 17. HP: 72/135 MP: 25/25
 20085 | Shoals:3 | Noticed Louise
 20107 | Shoals:3 | Killed Louise
 20183 | Shoals:3 | Received a gift from Okawaru
 20222 | Shoals:3 | Reached skill level 13 in Fighting
 20313 | Shoals:3 | Acquired 919 gold pieces
 20936 | Shoals:3 | Noticed a kraken
 20948 | Shoals:3 | Killed a kraken
 21001 | Shoals:4 | Entered Level 4 of the Shoals
 21057 | Shoals:4 | Identified the +0 pair of gloves "Kezareapt" {rF+ rN+
                  | Str-3} (Okawaru gifted it to you on level 4 of the Shoals)
 21057 | Shoals:4 | Received a gift from Okawaru
 21091 | Shoals:4 | Got the Handbook of the Scorpion
 21236 | Shoals:4 | Reached skill level 10 in Shields
 21736 | Shoals:4 | Received a gift from Okawaru
 21882 | Shoals:4 | Got a barnacled rune of Zot
 22048 | Snake:1  | Entered Level 1 of the Snake Pit
 22068 | Snake:1  | Found a transporter.
 22082 | Snake:1  | Found a transporter.
 22092 | Snake:1  | Noticed Epnykkedd's ghost (adept OpVM)
 22112 | Snake:1  | Found a one-way gate to the infinite horrors of the Abyss.
 22122 | Snake:1  | Reached skill level 14 in Fighting
 22163 | Snake:1  | Received a gift from Okawaru
 22607 | Snake:2  | Reached XP level 18. HP: 146/146 MP: 27/27
 22632 | Snake:2  | Found Xuinirph's Antique Weapon Emporium.
 23308 | Snake:3  | Found Cionawn's Self-Published Books.
 23427 | Snake:3  | Received a gift from Okawaru
 23746 | Snake:3  | Found Fepyid's Antique Weapon Shoppe.
 23949 | Snake:4  | Entered Level 4 of the Snake Pit
 24083 | Snake:4  | Found Cefiog's Magic Scroll Shoppe.
 24095 | Snake:4  | Found Sifeklargh's Book Shoppe.
 24111 | Snake:4  | Bought a scroll of enchant armour for 112 gold pieces
 24142 | Snake:4  | Identified the +6 ring mail of Fonoivar {rF+ Str+3 Int+2}
                  | (Okawaru gifted it to you on level 4 of the Snake Pit)
 24142 | Snake:4  | Received a gift from Okawaru
 24425 | Snake:4  | Reached skill level 15 in Fighting
 24576 | Snake:4  | Received a gift from Okawaru
 24798 | Snake:4  | Identified the +3 ring mail of Ryjell {rN+ Will+}
 24883 | Snake:4  | Got a serpentine rune of Zot
 25039 | Slime:1  | Entered Level 1 of the Pits of Slime
 25060 | Slime:1  | Gained mutation: You regenerate health from kills. [demonic
                  | ancestry]
 25060 | Slime:1  | Reached XP level 19. HP: 155/155 MP: 23/28
 25328 | Slime:2  | Paralysed by a floating eye for 3 turns
 25347 | Slime:2  | Paralysed by a floating eye for 3 turns
 25354 | Slime:2  | Paralysed by a floating eye for 2 turns
 25361 | Slime:2  | Paralysed by a floating eye for 3 turns
 25376 | Slime:2  | Paralysed by a floating eye for 3 turns
 25395 | Slime:2  | Gained mutation: You occasionally lose the ability to read
                  | scrolls when taking damage. [a shining eye]
 25475 | Slime:2  | Found a viscous altar of Jiyva.
 25953 | Slime:3  | You are sucked into a shaft and drop 1 floor!
 26383 | Slime:4  | Identified the +0 plate armour of the Desert {rC+ SInv}
                  | (Okawaru gifted it to you on level 4 of the Pits of Slime)
 26383 | Slime:4  | Received a gift from Okawaru
 26522 | Slime:4  | Gained mutation: Your magical capacity is low. (-10% MP) [a
                  | shining eye]
 26528 | Slime:4  | Gained mutation: Your body sometimes deteriorates upon
                  | taking damage. [a shining eye]
 26529 | Slime:4  | Gained mutation: You are frail. (-10% HP) [a shining eye]
 26788 | Slime:5  | Entered Level 5 of the Pits of Slime
 26825 | Slime:5  | Lost mutation: Your muscles are strong. (Str +4, Int/Dex
                  | -1) [a shining eye]
 26827 | Slime:5  | Gained mutation: You are vulnerable to cold. (rC-) [a
                  | shining eye]
 26828 | Slime:5  | Lost mutation: Your natural rate of healing is unusually
                  | fast. [a shining eye]
 26830 | Slime:5  | Gained mutation: You are vulnerable to heat. (rF-) [a
                  | shining eye]
 26846 | Slime:5  | Gained mutation: Your magical capacity is very low. (-20%
                  | MP) [a shining eye]
 26968 | Slime:5  | Gained mutation: You occasionally lose the ability to drink
                  | potions when taking damage. [a shining eye]
 26985 | Slime:5  | Gained mutation: Your spells are a little easier to cast,
                  | but a little less powerful. [a shining eye]
 26996 | Slime:5  | Gained mutation: Your magical capacity is extremely low.
                  | (-30% MP) [a shining eye]
 26997 | Slime:5  | Noticed Dissolution
 26998 | Slime:5  | Gained mutation: You are occasionally teleported next to
                  | monsters. [a shining eye]
 27002 | Slime:5  | Gained mutation: You are very dopey. (Int -4) [a shining
                  | eye]
 27007 | Slime:5  | Identified the +0 plate armour of the Tick {Regen+ Str-2
                  | Slay+4 SInv} (Okawaru gifted it to you on level 5 of the
                  | Pits of Slime)
 27007 | Slime:5  | Received a gift from Okawaru
 27007 | Slime:5  | Gained mutation: You sometimes lose the ability to drink
                  | potions when taking damage. [a shining eye]
 27010 | Slime:5  | Gained mutation: You sometimes lose your temper in combat.
                  | [a shining eye]
 27016 | Slime:5  | Killed Dissolution
 27016 | Slime:5  | Gained mutation: You sometimes lose the ability to read
                  | scrolls when taking damage. [a shining eye]
 27021 | Slime:5  | Gained mutation: Your spells are easier to cast, but less
                  | powerful. [a shining eye]
 27078 | Slime:5  | Noticed the Royal Jelly
 27084 | Slime:5  | Paralysed by a formless jellyfish for 1 turns
 27105 | Slime:5  | Slain by the Royal Jelly

Illustrated notes

Levels and vault maps discovered:
D:1:      minmay_arrival_shattered_statue, layout_loops_ring
D:2:      layout_basic, ebering_ecumenical_altar_sacrificial
D:3:      cheibrodos_pilgrimage, layout_loops_ring, okawaru_trees_1,
          serial_undead, serial_undead_d, serial_undead_c, serial_undead_d,
          serial_undead_a, uniq_jessica, uniq_crazy_yiuf_cottage, uniq_terence,
          uniq_grinder
D:4:      layout_basic, nicolae_ru_great_annihilating_truth,
          minmay_shop_grid_forest
D:5:      layout_basic, nicolae_overflow_crystal_walls, kennysheep_mini,
          minmay_temple_entry_mini_moons, serial_curves, eino_curves_02,
          eino_curves_01, uniq_sigmund
D:6:      layout_cave_pools, gammafunk_temple_overflow_forgotten,
          nicolae_qazlal_style_of_elements, eat_drink_and_be_merry_uskayaw,
          gammafunk_ghost_necromancy
D:7:      layout_gridville, trog_butcher_becter, uniq_menkaure, uniq_joseph,
          uniq_jeremiah
D:8:      cheibrodos_helix_gallery, layout_rooms, kennysheep_slug_shrine,
          serial_shops, shop
D:9:      layout_loops_ring, erik_orc_2, kennysheep_kite_vault, uniq_maurice
D:10:     layout_stronghold, kennysheep_orc_sif_temple,
          grunt_lair_entry_orc_guard_hut, serial_shops,
          nicolae_shop_tiny_statue_garden, minmay_misc_feat_rugged
D:11:     layout_rooms, serial_curves, eino_curves_04, eino_curves_01,
          gammafunk_ghost_arena, uniq_sonja
D:12:     layout_roguey, grunt_ogre_cave, chequers_mini_garden, uniq_lodul
D:13:     layout_basic, grunt_ministairs_14, uniq_nessos
D:14:     evilmike_diamond_1, layout_basic, grunt_vaults_entry_fortified,
          gauntlet_entry_generic, nicolae_wu_jian_wuxing_cycle
D:15:     hellmonk_depths_entry_around_the_bend, layout_layer_cave,
          minmay_guarded_unrand_curses
Temple:   chequers_temple_sunken
Lair:1:   layout_loops_ring
Lair:2:   layout_roguey, dummy_snake_entry, minivault_27, grunt_megastairs_3,
          serial_bayou_shore_b, infiniplex_staircase_pool_2
Lair:3:   layout_gridlike, elwin_shoals_entry_stream,
          hangedman_lair_unloving_vines, serial_bayou_shore_b
Lair:4:   layout_cave_pods
Lair:5:   gammafunk_lair_ancient_temple, layout_big_grid, slime_entry_2,
          st_stairs_3, serial_bayou_shore_a
Shoals:1: layout_shoals, serial_shops, shop, nicolae_shop_dragon_depot
Shoals:2: layout_shoals
Shoals:3: layout_shoals, uniq_polyphemus, uniq_louise
Shoals:4: shoals_end_hellmonk_holy_island
Snake:1:  layout_onion, gammafunk_ghost_abyssal_escape
Snake:2:  layout_onion_interference, serial_shops, nicolae_shop_hallway_plus
Snake:3:  layout_cave_town, serial_shops, nicolae_shop_just_a_little_nook,
          nicolae_custom_books
Snake:4:  grunt_snake_rune_pools, layout_cave_shapes, minmay_shop_star
Slime:1:  layout_caves
Slime:2:  layout_caves, basic_altar, nicolae_slime_getting_an_eyeful
Slime:3:  layout_caves
Slime:4:  layout_caves, special_room [special_room_jelly]
Slime:5:  slime_pit_nicolae_royal_road_to_ruin, uniq_dissolution
Orc:1:    layout_diamond_mine
Orc:2:    pf_orc_diabolical, layout_caves, uniq_azrael

Skill      XL: |  1  2  3  4  5  6  7  8  9 10 11 12 13 14 15 16 17 18 19 |
---------------+----------------------------------------------------------+-----
Dodging        | 2 3 4 5 6 8 9 10 11 | 11.7
Unarmed Combat | 3 4 5 6 7 8 9 10 12 13 | 13.8
Shapeshifting  | 3 4 5 6 7 8 9 11 12 13 14 | 14.4
Fighting       | 2 3 4 5 6 7 8 10 12 14 15 | 15.8
Armour         | 3 5 6 8 9 10 11 | 11.7
Maces & Flails | 10 12 | 12.0
Invocations    | 11 12 | 12.0
Shields        | 2 8 10 11 | 11.7

Action                     |  1- 3 |  4- 6 |  7- 9 | 10-12 | 13-15 | 16-18 | 19-21 || total
---------------------------+-------+-------+-------+-------+-------+-------+-------++-------
  Melee: Unarmed           |   142 |   145 |   137 |       |       |       |       ||   424
         Punch             |     1 |     4 |    14 |    23 |       |       |       ||    42
         Whip              |       |       |    73 |   467 |   903 |  1254 |   417 ||  3114
         Tailslap          |       |       |    13 |    78 |   167 |   252 |   131 ||   641
  Throw: Throwing net      |       |     1 |       |       |       |       |       ||     1
         Dart              |       |       |     5 |     3 |       |       |       ||     8
         Boomerang         |       |       |       |       |    13 |       |       ||    13
 Invoke: Heroism           |       |       |     1 |     3 |    11 |     9 |     4 ||    28
         Finesse           |       |       |       |       |       |    11 |     4 ||    15
    Use: Scroll            |     2 |     1 |    11 |    12 |     9 |     6 |     1 ||    42
         Potion            |     1 |     4 |     1 |     4 |     2 |     1 |     2 ||    15
   Stab: Sleeping          |     1 |       |       |       |       |       |       ||     1
         Held in net/web   |       |     1 |       |       |       |       |       ||     1
         Distracted        |       |       |     1 |     4 |     8 |    19 |    16 ||    48
         Petrified         |       |       |       |       |     4 |       |       ||     4
 Armour: Animal skin       |     3 |       |       |       |       |       |       ||     3
         Scale mail        |    56 |    22 |    26 |       |       |       |       ||   104
         Skin              |       |     9 |       |       |       |       |       ||     9
         Plate armour      |       |       |    39 |   267 |   297 |   288 |    79 ||   970
  Dodge: Dodged            |    77 |    40 |    61 |   242 |   347 |   363 |    69 ||  1199
  Block: Other             |    21 |    18 |    33 |    88 |       |       |       ||   160
         Kite shield       |       |       |       |   144 |   615 |  1081 |   239 ||  2079
         Form:             |       |       |     1 |       |     2 |       |       ||     3
         Beast             |       |       |     1 |       |       |       |       ||     1
         Blade             |       |       |       |       |     1 |       |       ||     1

Table legend: (Time is in decaauts)
 A = Elapsed time spent in this place.
 B = Non-inter-level travel time spent in this place.
 C = Inter-level travel time spent in this place.
 D = Time resting spent in this place.
 E = Time spent auto-exploring this place.
 F = Levels seen in this place.
 G = Mean time per level.
                   A        B        C        D        E       F      G
               +--------+--------+--------+--------+--------+-----+--------+
         Total |  26021 |  24194 |   1827 |      0 |  18342 |  37 |  703.3 |
       Dungeon |  11953 |  11042 |    911 |      0 |   8469 |  15 |  796.9 |
        Temple |    258 |    258 |      0 |      0 |    243 |   1 |  258.0 |
          Lair |   4585 |   4144 |    441 |      0 |   3220 |   5 |  917.0 |
        Shoals |   3282 |   3139 |    143 |      0 |   2410 |   4 |  820.5 |
     Snake Pit |   2640 |   2455 |    185 |      0 |   1890 |   4 |  660.0 |
    Slime Pits |   1837 |   1791 |     46 |      0 |   1202 |   5 |  367.4 |
  Orcish Mines |   1098 |    999 |     99 |      0 |    728 |   2 |  549.0 |
      Gauntlet |    364 |    364 |      0 |      0 |    180 |   1 |  364.0 |
               +--------+--------+--------+--------+--------+-----+--------+

Top non-repeatable levels by time:
     D:3: 1385 daAuts
  Lair:5: 1103 daAuts
     D:9: 1061 daAuts
  Lair:3: 1041 daAuts
Shoals:3: 1011 daAuts
     D:7: 963 daAuts
   Orc:2: 935 daAuts
    D:10: 931 daAuts
    D:14: 918 daAuts
  Lair:4: 868 daAuts
     D:1: 843 daAuts
 Snake:4: 826 daAuts
  Lair:1: 814 daAuts
     D:4: 803 daAuts
     D:2: 791 daAuts
